PL
CHICAGO GOLD SOX @ BUCKHEAD BOWTIES
08/28/2020
 
TOP OF THE 1ST
Chicago Gold Sox batting - Pitching for Buckhead Bowties : RHP Yoriyoshi Yamamoto
Pitching: RHP Yoriyoshi Yamamoto
Batting: RHB Daniel Lallanilla 0-0: Ball
1-0: Called Strike
1-1: Ball
2-1: Called Strike
2-2: Strikes out looking
Batting: RHB Rod Jones 0-0: Called Strike
0-1: Ball
1-1: SINGLE (Groundball, 6MD)
Batting: LHB Noel Ballard 0-0: Ball
1-0: Ball
2-0: Called Strike
2-1: Called Strike
2-2: Ball
Rod Jones steals 2nd base
3-2: Fly out, F5 (Popup, 5S)
Batting: LHB Herman Hayes 0-0: Called Strike
0-1: Ball
1-1: Ball
2-1: Ball
3-1: Foul Ball, location: 2F
3-2: Strikes out swinging
Top of the 1st over - 0 run(s), 1 hit(s), 0 error(s), 1 left on base; Chicago 0 - Buckhead 0
BOTTOM OF THE 1ST
Buckhead Bowties batting - Pitching for Chicago Gold Sox : RHP Ryan Davis
Pitching: RHP Ryan Davis
Batting: RHB Dave King 0-0: Foul Ball, location: 2F
0-1: Ball
1-1: Swinging Strike
1-2: Foul Ball, location: 2F
1-2: Ball
2-2: Strikes out swinging
Batting: LHB Neil Lawson 0-0: Ball
1-0: SINGLE (Groundball, 6)
Batting: RHB John Downing 0-0: Ball
1-0: Ball
2-0: Foul Ball, location: 2F
2-1: Foul Ball, location: 2F
2-2: Foul Ball, location: 2F
2-2: Foul Ball, location: 2F
2-2: Ball
3-2: SINGLE (Flyball, 78S)
Neil Lawson to second
Batting: LHB Tony Martínez 0-0: Grounds into double play, 6-4-3 (Groundball, 6)
Bottom of the 1st over - 0 run(s), 2 hit(s), 0 error(s), 1 left on base; Chicago 0 - Buckhead 0
TOP OF THE 2ND
Chicago Gold Sox batting - Pitching for Buckhead Bowties : RHP Yoriyoshi Yamamoto
Batting: RHB Chris Smith 0-0: Ball
1-0: Called Strike
1-1: Ground out 5-3 (Groundball, 56)
Batting: LHB Do-hyung Nam 0-0: Swinging Strike
0-1: Foul Ball, location: 2F
0-2: Ground out U3 (Groundball, 3)
Batting: RHB John Farrell 0-0: Called Strike
0-1: Ball
1-1: Ball
2-1: Ground out 2-3 (Groundball, 2R)
Top of the 2nd over - 0 run(s), 0 hit(s), 0 error(s), 0 left on base; Chicago 0 - Buckhead 0
BOTTOM OF THE 2ND
Buckhead Bowties batting - Pitching for Chicago Gold Sox : RHP Ryan Davis
Batting: RHB Gabriel Rodríguez 0-0: Foul Ball, location: 2F
0-1: Ball
1-1: Ball
2-1: Fly out, F2 (Popup, 2RF)
Batting: RHB Aurelio Vázquez 0-0: Ball
1-0: Foul Ball, location: 2F
1-1: Called Strike
1-2: Ball
2-2: Ground out U3 (Groundball, 3)
Batting: RHB Pedro Morales 0-0: Ball
1-0: Ball
2-0: Ball
3-0: Base on Balls
Batting: RHB Domingo García 0-0: Ball
Pedro Morales is caught stealing 2nd base
Bottom of the 2nd over - 0 run(s), 0 hit(s), 0 error(s), 0 left on base; Chicago 0 - Buckhead 0
TOP OF THE 3RD
Chicago Gold Sox batting - Pitching for Buckhead Bowties : RHP Yoriyoshi Yamamoto
Batting: LHB William Wise 0-0: Called Strike
0-1: Ground out 5-3 (Groundball, 56)
Batting: RHB Ryan Davis 0-0: Swinging Strike
0-1: Ball
1-1: Ball
2-1: Foul Ball, location: 2F
2-2: Strikes out swinging
Batting: RHB Daniel Lallanilla 0-0: Foul Ball, location: 2F
0-1: Ball
1-1: Ball
2-1: Ball
3-1: Fly out, F2 (Popup, 25F)
Top of the 3rd over - 0 run(s), 0 hit(s), 0 error(s), 0 left on base; Chicago 0 - Buckhead 0
BOTTOM OF THE 3RD
Buckhead Bowties batting - Pitching for Chicago Gold Sox : RHP Ryan Davis
Batting: RHB Domingo García 0-0: Ball
1-0: Called Strike
1-1: Swinging Strike
1-2: Ground out 5-3 (Groundball, 56)
Batting: RHB Yoriyoshi Yamamoto 0-0: Ball
1-0: Called Strike
1-1: Swinging Strike
1-2: Foul Ball, location: 2F
1-2: Ball
2-2: Ball
3-2: Ground out 1-3 (Groundball, 13)
Batting: RHB Dave King 0-0: Called Strike
0-1: Swinging Strike
0-2: Foul Ball, location: 2F
0-2: Ball
1-2: Foul Ball, location: 2F
1-2: Ball
2-2: Strikes out swinging
Bottom of the 3rd over - 0 run(s), 0 hit(s), 0 error(s), 0 left on base; Chicago 0 - Buckhead 0
TOP OF THE 4TH
Chicago Gold Sox batting - Pitching for Buckhead Bowties : RHP Yoriyoshi Yamamoto
Batting: RHB Rod Jones 0-0: Called Strike
0-1: Ball
1-1: Fly out, F5 (Line Drive, 56)
Batting: LHB Noel Ballard 0-0: Fly out, F7 (Flyball, 78M)
Batting: LHB Herman Hayes 0-0: Ball
1-0: SINGLE (Flyball, 8LS)
Batting: RHB Chris Smith 0-0: Called Strike
0-1: Foul Ball, location: 2F
0-2: Ball
1-2: Foul Ball, location: 2F
1-2: Foul Ball, location: 2F
1-2: Ball
2-2: Foul Ball, location: 2F
2-2: Strikes out swinging
Top of the 4th over - 0 run(s), 1 hit(s), 0 error(s), 1 left on base; Chicago 0 - Buckhead 0
BOTTOM OF THE 4TH
Buckhead Bowties batting - Pitching for Chicago Gold Sox : RHP Ryan Davis
Batting: LHB Neil Lawson 0-0: Ball
1-0: Called Strike
1-1: Ball
2-1: Ground out 4-3 (Groundball, 34D)
Batting: RHB John Downing 0-0: Called Strike
0-1: Swinging Strike
0-2: Ground out 1-3 (Groundball, 25)
Batting: LHB Tony Martínez 0-0: Called Strike
0-1: Foul Ball, location: 2F
0-2: Foul Ball, location: 2F
0-2: SINGLE (Line Drive, 89M)
Batting: RHB Gabriel Rodríguez 0-0: Ball
1-0: Called Strike
1-1: Called Strike
1-2: DOUBLE (Popup, 9LS)
Tony Martínez to third
Runner from 3rd tries for Home, SAFE, throw made home
Batting: RHB Aurelio Vázquez 0-0: Ball
1-0: Called Strike
1-1: Swinging Strike
1-2: Strikes out swinging
Bottom of the 4th over - 1 run(s), 2 hit(s), 0 error(s), 1 left on base; Chicago 0 - Buckhead 1
TOP OF THE 5TH
Chicago Gold Sox batting - Pitching for Buckhead Bowties : RHP Yoriyoshi Yamamoto
Batting: LHB Do-hyung Nam 0-0: Ball
1-0: SINGLE (Flyball, 9S)
Batting: RHB John Farrell 0-0: Ball
1-0: Sac Bunt - play at first, batter OUT! 1-4
Do-hyung Nam to second
Batting: LHB William Wise 0-0: Swinging Strike
0-1: Ball
1-1: Ball
2-1: SINGLE (Groundball, 34)
Do-hyung Nam to third
Runner from 3rd tries for Home, SAFE, throw made home
William Wise to second
Batting: RHB Ryan Davis 0-0: Swinging Strike
0-1: Ball
1-1: Ball
2-1: Swinging Strike
2-2: Foul Ball, location: 2F
2-2: Strikes out swinging
Batting: RHB Daniel Lallanilla 0-0: Called Strike
0-1: Swinging Strike
0-2: Foul Ball, location: 2F
0-2: Fly out, F8 (Line Drive, 8LM)
Top of the 5th over - 1 run(s), 2 hit(s), 0 error(s), 1 left on base; Chicago 1 - Buckhead 1
BOTTOM OF THE 5TH
Buckhead Bowties batting - Pitching for Chicago Gold Sox : RHP Ryan Davis
Batting: RHB Pedro Morales 0-0: Ball
1-0: Swinging Strike
1-1: Called Strike
1-2: Foul Ball, location: 2F
1-2: Foul Ball, location: 2F
1-2: Strikes out looking
Batting: RHB Domingo García 0-0: Ball
1-0: Ball
2-0: Called Strike
2-1: Called Strike
2-2: Ball
3-2: Strikes out looking
Batting: RHB Yoriyoshi Yamamoto 0-0: Ground out 6-3 (Groundball, 6M)
Bottom of the 5th over - 0 run(s), 0 hit(s), 0 error(s), 0 left on base; Chicago 1 - Buckhead 1
TOP OF THE 6TH
Chicago Gold Sox batting - Pitching for Buckhead Bowties : RHP Yoriyoshi Yamamoto
Batting: RHB Rod Jones 0-0: Called Strike
0-1: Foul Ball, location: 2F
0-2: Ball
1-2: Ball
2-2: Foul Ball, location: 2F
2-2: Foul Ball, location: 2F
2-2: Ground out 4-3 (Groundball, 4)
Batting: LHB Noel Ballard 0-0: Called Strike
0-1: Ball
1-1: Foul Ball, location: 2F
1-2: Foul Ball, location: 2F
1-2: Ball
2-2: Strikes out swinging
Batting: LHB Herman Hayes 0-0: Ball
1-0: Swinging Strike
1-1: Swinging Strike
1-2: Ball
2-2: Ground out 6-3 (Groundball, 6M)
Top of the 6th over - 0 run(s), 0 hit(s), 0 error(s), 0 left on base; Chicago 1 - Buckhead 1
BOTTOM OF THE 6TH
Buckhead Bowties batting - Pitching for Chicago Gold Sox : RHP Ryan Davis
Batting: RHB Dave King 0-0: Ball
1-0: SINGLE (Flyball, 7S)
Batting: LHB Neil Lawson 0-0: Foul Ball, location: 2F
0-1: Ball
1-1: Swinging Strike
1-2: Ball
2-2: Foul Ball, location: 2F
2-2: 2-RUN HOME RUN (Flyball, 89XD), Distance : 421 ft
Batting: RHB John Downing 0-0: Called Strike
0-1: Ball
1-1: Ball
2-1: Called Strike
2-2: SINGLE (Line Drive, 78S)
Batting: LHB Tony Martínez 0-0: Ball
1-0: Ball
2-0: Called Strike
2-1: Swinging Strike
2-2: Ground out U3 (Groundball, 3S)
John Downing to second
Batting: RHB Gabriel Rodríguez 0-0: Ball
1-0: Ball
2-0: Ball
3-0: Base on Balls
Batting: RHB Aurelio Vázquez 0-0: Foul Ball, location: 2F
0-1: Grounds into double play, 5-4-3 (Groundball, 56)
Bottom of the 6th over - 2 run(s), 3 hit(s), 0 error(s), 1 left on base; Chicago 1 - Buckhead 3
TOP OF THE 7TH
Chicago Gold Sox batting - Pitching for Buckhead Bowties : RHP Yoriyoshi Yamamoto
Batting: RHB Chris Smith 0-0: Called Strike
0-1: Ball
1-1: Swinging Strike
1-2: Ground out 1-3 (Groundball, 15)
Batting: LHB Do-hyung Nam 0-0: Ball
1-0: Called Strike
1-1: Ball
2-1: Ball
3-1: Swinging Strike
3-2: Ground out 5-3 (Groundball, 56S)
Batting: RHB John Farrell 0-0: Foul Ball, location: 2F
0-1: Foul Ball, location: 2F
0-2: Foul Ball, location: 2F
0-2: Ball
1-2: Fly out, F3 (Popup, 23F)
Top of the 7th over - 0 run(s), 0 hit(s), 0 error(s), 0 left on base; Chicago 1 - Buckhead 3
BOTTOM OF THE 7TH
Buckhead Bowties batting - Pitching for Chicago Gold Sox : RHP Ryan Davis
Pitching: RHP John Hicks
Now at C: Earnest Veeck
Batting: RHB Pedro Morales 0-0: Ball
1-0: Swinging Strike
1-1: Foul Ball, location: 2F
1-2: Ground out 6-3 (Groundball, 6)
Batting: RHB Domingo García 0-0: Called Strike
0-1: Ball
1-1: Foul Ball, location: 2F
1-2: Ball
2-2: Foul Ball, location: 2F
2-2: Strikes out swinging
Pinch Hitting: LHB Sinclair van Kooten 0-0: Called Strike
0-1: Foul Ball, location: 2F
0-2: Foul Ball, location: 2F
0-2: Ball
1-2: Ball
2-2: Foul Ball, location: 2F
2-2: Strikes out swinging
Bottom of the 7th over - 0 run(s), 0 hit(s), 0 error(s), 0 left on base; Chicago 1 - Buckhead 3
TOP OF THE 8TH
Chicago Gold Sox batting - Pitching for Buckhead Bowties : RHP Yoriyoshi Yamamoto
Pitching: RHP Mike Lyon
Batting: LHB William Wise 0-0: Ground out 1-3 (Groundball, 25)
Batting: RHB Earnest Veeck 0-0: Ground out U3 (Groundball, 3S)
Batting: RHB Daniel Lallanilla 0-0: Foul Ball, location: 2F
0-1: Ball
1-1: Called Strike
1-2: Foul Ball, location: 2F
1-2: Ball
2-2: Strikes out swinging
Top of the 8th over - 0 run(s), 0 hit(s), 0 error(s), 0 left on base; Chicago 1 - Buckhead 3
BOTTOM OF THE 8TH
Buckhead Bowties batting - Pitching for Chicago Gold Sox : RHP John Hicks
Batting: RHB Dave King 0-0: Ball
1-0: Swinging Strike
1-1: Foul Ball, location: 2F
1-2: Ground out 6-3 (Groundball, 6M)
Batting: LHB Neil Lawson 0-0: Ball
1-0: Ball
2-0: Ball
3-0: Called Strike
3-1: Base on Balls
Batting: RHB John Downing 0-0: Swinging Strike
0-1: Grounds into double play, 6-4-3 (Groundball, 6)
Bottom of the 8th over - 0 run(s), 0 hit(s), 0 error(s), 0 left on base; Chicago 1 - Buckhead 3
TOP OF THE 9TH
Chicago Gold Sox batting - Pitching for Buckhead Bowties : RHP Mike Lyon
Pitching: RHP Mario Peña
Batting: RHB Rod Jones 0-0: Called Strike
0-1: Foul Ball, location: 2F
0-2: Ball
1-2: Strikes out swinging
Batting: LHB Noel Ballard 0-0: Called Strike
0-1: Swinging Strike
0-2: Foul Ball, location: 2F
0-2: Strikes out looking
Batting: LHB Herman Hayes 0-0: Swinging Strike
0-1: Fly out, F6 (Popup, 6MD)
Top of the 9th over - 0 run(s), 0 hit(s), 0 error(s), 0 left on base; Chicago 1 - Buckhead 3
This league is powered by Out of the Park Baseball, the baseball management simulation game for PC, Mac and Linux
Friday, October 23rd, 2015 - OOTP Baseball 16.9 Build 39